 Dungeon Crawl Stone Soup version 0.23-a0-726-g9fa1570 (webtiles) character file.

6684 galech the Cleaver (level 10, -8/77 HPs)
             Began as a Demonspawn Fighter on Jan 16, 2019.
             Was a Priest of Okawaru.
             Mangled by Sonja
             ... wielding a +2 short sword of distortion
              (22 damage)
             ... on level 10 of the Dungeon.
             The game lasted 00:12:36 (8108 turns).

galech the Cleaver (Demonspawn Fighter)             Turns: 8108, Time: 00:12:38

Health: -8/77      AC: 26    Str: 16    XL:     10   Next: 73%
Magic:  10/10      EV: 11    Int: 10    God:    Okawaru [***...]
Gold:   610        SH: 13    Dex: 16    Spells: 9/9 levels left

rFire    . . .     SeeInvis .   b - +3 war axe
rCold    + . .     Gourm    .   c - +0 shield
rNeg     . . .     Faith    .   v - +0 chain mail {rC+}
rPois    .         Spirit   .   (helmet restricted)
rElec    .         Reflect  .   (no cloak)
rCorr    .         Harm     .   B - +1 pair of gloves
MR       .....                  h - +0 pair of boots
Stlth    +.........             j - amulet of regeneration
HPRegen  0.62/turn              s - +6 ring of protection
MPRegen  0.12/turn              k - ring of stealth

@: heroism
A: antennae 1, iridescent scales 2, demonic guardian 1, powered by pain 2
a: Heroism, Renounce Religion


You were on level 10 of the Dungeon.
You worshipped Okawaru.
Okawaru was most pleased with you.
You were hungry.

You visited 1 branch of the dungeon, and saw 10 of its levels.

You collected 610 gold pieces.

Inventory:

Hand Weapons
 a - a +2 whip of flaming
 b - a +3 war axe (weapon)
 L - a +2 scimitar of flaming
 N - the +6 falchion of the Mice {slice, rF+ rC+ Str+3 Stlth+}
   (You found it on level 9 of the Dungeon)

   It inflicts extra damage upon your enemies.
   It affects your strength (+3).
   It protects you from fire.
   It protects you from cold.
   It makes you more stealthy.
Armour
 c - a +0 shield (worn)
 h - a +0 pair of boots (worn)
 v - a +0 chain mail of cold resistance (worn)
 B - a +1 pair of gloves (worn)
 D - a +2 robe of positive energy
Jewellery
 j - an amulet of regeneration (around neck)
 k - a ring of stealth (right hand)
 s - a +6 ring of protection (left hand)
 A - an uncursed ring of ice
 E - an uncursed ring of flight
 H - an uncursed ring of ice
Wands
 u - a wand of random effects (28)
 G - a wand of iceblast (7)
 J - a wand of paralysis (6)
Scrolls
 g - a scroll of fog
 n - 5 scrolls of teleportation
 p - 2 scrolls of amnesia {unknown}
 q - 4 scrolls of fear
 r - 3 scrolls of magic mapping
 x - 2 scrolls of remove curse
 y - a scroll of blinking
 z - 3 scrolls of enchant armour
 M - a scroll of enchant weapon {unknown}
Potions
 d - 2 potions of might
 e - 2 potions of invisibility {unknown}
 i - 2 potions of haste {unknown}
 l - 3 potions of degeneration {unknown}
 m - 8 potions of curing {unknown}
 o - a potion of resistance {unknown}
 w - 3 potions of heal wounds {unknown}
 C - a potion of lignification {unknown}
 F - a potion of agility {unknown}
 I - a potion of ambrosia {unknown}
 K - a potion of mutation {unknown}
Comestibles
 f - 20 rations


   Skills:
 + Level 6.7(11.7) Fighting
 + Level 10.5(15.5) Axes
 + Level 6.0(11.0) Armour
 + Level 2.3(7.3) Dodging
 + Level 1.4(6.4) Stealth
 + Level 7.5(12.5) Shields
 + Level 1.0 Invocations


You had 9 spell levels left.
You didn't know any spells.
Your spell library contained the following spells:

 Spells                   Type           Power        Failure   Level  Hunger
 Confusing Touch          Hex            #.....       99%         1    ##.....
 Shock                    Conj/Air       #...         99%         1    ##.....
 Swiftness                Chrm/Air       #.......     100%        2    ###....
 Confuse                  Hex            #.......     100%        3    ####...
 Gell's Gravitas          Tloc           #.........   100%        3    ####...
 Static Discharge         Conj/Air       #.......     100%        3    ####...
 Airstrike                Air            #.........   100%        4    #####..
 Petrify                  Tmut/Erth      #.......     100%        4    #####..
 Lightning Bolt           Conj/Air       #.........   100%        5    ######.
 Metabolic Englaciation   Hex/Ice        #.........   100%        5    ######.
 Yara's Violent Unravell  Hex/Tmut       #.........   100%        5    ######.


Dungeon Overview and Level Annotations

Branches:
Dungeon (10/15)            Temple (0/1) D:7
   Lair: D:8-11         Orc: D:9-12

Altars:
Dithmenos
Fedhas
Gozag
Kikubaaqudgha
Nemelex Xobeh
Okawaru
Yredelemnul
The Shining One

Shops:
D:7 }**

Annotations:
D:6 3 runed doors, Lanoc's ghost, novice DrBe
D:10 Sonja


Innate Abilities, Weirdness & Mutations

You have a pair of small antennae on your head.
You are mostly covered in iridescent scales. (AC +4)
A weak demonic guardian rushes to your aid.
You sometimes gain power by taking damage.


Message History

You slash Sonja!
Sonja is heavily wounded.
You block Sonja's attack. Sonja hits you but does no damage.
Space warps horribly around you!
You focus on the pain.
You feel your power returning. Sonja barely misses you.
You block Sonja's attack. Sonja hits you but does no damage.
Space warps horribly around you! Sonja hits you but does no damage.
You blink.
A scorpion comes into view.
You are too injured to fight recklessly!
Sonja closely misses you. Sonja hits you but does no damage.
You blink.
The scorpion moves out of view.
Your quasit bites Sonja.
Your quasit claws Sonja.
Your quasit claws Sonja but does no damage.
You swap places.
Sonja hits you but does no damage. Space warps horribly around you!
You block Sonja's attack. Sonja hits you but does no damage.
Space warps horribly around you!
* * * LOW HITPOINT WARNING * * *
The crimson imp disappears for a moment.
Sonja hits you but does no damage. Space warps horribly around you!
You die...

...≈≈≈≈≈.........
.≈≈≈≈≈..........
≈≈≈≈..........
#.!..........
#............ ##
##............
#.##..........#
#.##..K....#.##
#..5@#<..#...#
#.#..#<#<..#### #
##########


You could see Sonja and a friendly quasit.

Vanquished Creatures
  Erolcha (D:9)
  Pikel (D:6)
  2 trolls (D:9)
  2 yaks (D:7)
  4 hogs (D:7)
  A human (D:7)
  A hungry ghost (D:8)
  A porcupine (D:10)
  A slave (D:6)
  3 orc warriors
  A black bear (D:7)
  2 phantoms
  An ice beast (D:9)
  2 ogres
  A centaur (D:6)
  A big kobold (D:7)
  4 bullfrogs
  2 wyvern skeletons (D:8)
  A scorpion (D:5)
  8 killer bees
  3 howler monkeys (D:9)
  2 crimson imps
  3 hounds
  2 jellies
  5 orc priests
  8 orc wizards
  3 iguanas
  5 worker ants
  2 killer bee zombies
  A hound skeleton (D:9)
  Robin (D:3)
  7 gnolls
  6 adders
  A howler monkey skeleton (D:7)
  3 shadow imps
  3 oozes
  An adder skeleton (D:6)
  2 worms (D:3)
  A dart slug (D:1)
  3 leopard geckos
  19 orcs
  A ball python (D:4)
  9 bats
  8 giant cockroaches
  22 goblins
  5 hobgoblins
  8 jackals
  8 quokkas
  A ball python skeleton (D:4)
  3 frilled lizards
  18 kobolds
  A leopard gecko zombie (D:7)
  A quokka skeleton (D:4)
  9 rats
215 creatures vanquished.

Vanquished Creatures (collateral kills)
  Erica (D:9)
  Grinder (D:3)
  A yak (D:7)
  An ogre (D:4)
  2 bullfrogs (D:6)
  2 big kobolds
  A scorpion (D:7)
  A killer bee (D:8)
  An orc wizard (D:4)
  A hound (D:7)
  An orc priest (D:7)
  A worker ant (D:4)
  An adder (D:4)
  A leopard gecko (D:6)
  8 orcs
  A bat (D:3)
  2 giant cockroaches
  A hobgoblin (D:3)
  2 kobolds
  A frilled lizard (D:3)
31 creatures vanquished.

Vanquished Creatures (others)
  2 fungi
  3 plants (D:6)
  4 toadstools (D:4)
9 creatures vanquished.

Grand Total: 255 creatures vanquished

Notes
Turn   | Place    | Note
-------+----------+-------------------------------------------
     0 | D:1      | galech the Demonspawn Fighter began the quest for the Orb.
     0 | D:1      | Reached XP level 1. HP: 18/18 MP: 1/1
   227 | D:1      | Gained mutation: You sometimes gain a little power by
                  | taking damage. [demonic ancestry]
   227 | D:1      | Reached XP level 2. HP: 17/24 MP: 2/2
   704 | D:2      | Reached skill level 2 in Axes
   726 | D:2      | Reached XP level 3. HP: 29/29 MP: 3/3
  1077 | D:2      | Gained mutation: A weak demonic guardian rushes to your
                  | aid. [demonic ancestry]
  1077 | D:2      | Reached XP level 4. HP: 35/35 MP: 4/4
  1732 | D:3      | Noticed Grinder
  1745 | D:3      | Killed Grinder
  1745 | D:3      | Reached skill level 3 in Axes
  1745 | D:3      | Reached XP level 5. HP: 16/42 MP: 5/5
  1871 | D:3      | Gained mutation: You are partially covered in iridescent
                  | scales. (AC +2) [demonic ancestry]
  1871 | D:3      | Reached XP level 6. HP: 23/48 MP: 6/6
  1910 | D:3      | Reached skill level 4 in Axes
  1933 | D:3      | Noticed Robin
  1948 | D:3      | Killed Robin
  2328 | D:4      | Reached skill level 1 in Dodging
  2730 | D:4      | Reached XP level 7. HP: 34/54 MP: 7/7
  2868 | D:5      | Entered Level 5 of the Dungeon
  2884 | D:5      | Reached skill level 5 in Axes
  2924 | D:5      | Found an opulent altar of Gozag.
  3090 | D:5      | You fall through a shaft for 3 floors!
  3138 | D:7      | Found Iweffabu's Assorted Antiques.
  3319 | D:7      | Reached skill level 6 in Axes
  3381 | D:6      | Found a runed gate.
  3382 | D:6      | Noticed a kobold demonologist
  3383 | D:6      | Found a runed gate.
  3383 | D:6      | Found a runed gate.
  3426 | D:6      | Noticed Lanoc's ghost (novice DrBe)
  3452 | D:6      | Gained mutation: You sometimes gain power by taking damage.
                  | [demonic ancestry]
  3452 | D:6      | Reached XP level 8. HP: 61/61 MP: 8/8
  3617 | D:6      | Reached skill level 5 in Shields
  4574 | D:6      | Found an ancient bone altar of Kikubaaqudgha.
  4579 | D:6      | Noticed Pikel
  4599 | D:6      | Killed Pikel
  4599 | D:6      | Reached skill level 5 in Fighting
  4599 | D:6      | Reached skill level 7 in Axes
  4703 | D:6      | Gained mutation: You have a pair of small antennae on your
                  | head. [demonic ancestry]
  4703 | D:6      | Reached XP level 9. HP: 68/68 MP: 9/9
  4714 | D:6      | Found a blossoming altar of Fedhas.
  5124 | D:6      | Found an iron altar of Okawaru.
  5163 | D:6      | Became a worshipper of Warmaster Okawaru
  5304 | D:7      | Found Fumim's Gadget Shoppe.
  5323 | D:7      | Found a staircase to the Ecumenical Temple.
  5330 | D:7      | Reached skill level 8 in Axes
  5446 | D:7      | Found Jeomofuy's Assorted Antiques.
  5480 | D:7      | Reached skill level 5 in Armour
  5480 | D:7      | Reached * piety under Okawaru
  5573 | D:7      | Reached skill level 9 in Axes
  5694 | D:7      | Reached ** piety under Okawaru
  6033 | D:8      | Gained mutation: You are mostly covered in iridescent
                  | scales. (AC +4) [demonic ancestry]
  6033 | D:8      | Reached XP level 10. HP: 76/76 MP: 10/10
  6055 | D:8      | Reached skill level 1 in Stealth
  6124 | D:8      | Found a sparkling altar of Nemelex Xobeh.
  6970 | D:9      | Found a shadowy altar of Dithmenos.
  6984 | D:9      | Found a glowing golden altar of the Shining One.
  7035 | D:9      | Found a basalt altar of Yredelemnul.
  7057 | D:9      | Noticed Erica
  7067 | D:9      | Killed Erica
  7214 | D:9      | Reached skill level 1 in Invocations
  7243 | D:9      | Reached skill level 10 in Axes
  7344 | D:9      | Got a jewelled falchion
  7345 | D:9      | Identified the +6 falchion of the Mice {slice, rF+ rC+
                  | Str+3 Stlth+} (You found it on level 9 of the Dungeon)
  7470 | D:9      | Reached *** piety under Okawaru
  7785 | D:9      | Noticed Erolcha
  7799 | D:9      | Killed Erolcha
  7976 | D:10     | Entered Level 10 of the Dungeon
  7983 | D:10     | Noticed Sonja
  8108 | D:10     | Mangled by Sonja

Vault maps used:
D:1:      psy_arrival_fountain
D:2:      minmay_nonomino_d4
D:3:      uniq_robin, uniq_grinder
D:4:      minmay_gold_behind_fungi, minmay_cut_off
D:5:      wander_river, basic_altar, first_ration,
          chequers_serial_rivers_small_a, minivault_5,
          minmay_misc_feat_ornament, lemuel_another_geyser
D:6:      gammafunk_ghost_nasty_kobolds, basic_altar, hangedman_feature_mirror,
          uniq_pikel
D:7:      minmay_temple_entry_junction, serial_shops, nicolae_shop_crystal,
          shop, shop, grunt_livestock
D:8:      kennysheep_little_box
D:9:      kennysheep_mini_moat, grunt_temple_overflow_open,
          chequers_serial_rivers_small_b, minmay_misc_feat_pillars,
          uniq_erolcha, uniq_erica
D:10:     grunt_lair_entry_orc_guard_hut, uniq_josephine, uniq_sonja

Skill      XL: |  1  2  3  4  5  6  7  8  9 10 |
---------------+-------------------------------+-----
Axes           | 2 3 4 6 7 9 10 | 10.5
Armour         | 3 4 5 6 |  6.0
Shields        | 3 4 5 6 7 |  7.5
Dodging        | 1 2 |  2.3
Fighting       | 4 5 6 |  6.7
Stealth        | 1 |  1.4
Invocations    | 1 |  1.0

Action                   |  1- 3 |  4- 6 |  7- 9 | 10-12 || total
-------------------------+-------+-------+-------+-------++-------
Melee: War axe           |   145 |   160 |   408 |   148 ||   861
Invok: Heroism           |       |       |       |     3 ||     3
  Use: Potion            |       |     1 |       |       ||     1
       Scroll            |       |     5 |     2 |     2 ||     9
 Stab: Distracted        |       |       |     2 |     1 ||     3
  Eat: Chunk             |     1 |     6 |    11 |     8 ||    26
Armor: Scale mail        |    51 |       |       |       ||    51
       Chain mail        |    47 |   147 |   255 |   102 ||   551
Dodge: Dodged            |    47 |    40 |   101 |    63 ||   251
Block: Shield            |    88 |    93 |   246 |    98 ||   525

Table legend:
 A = Non-vault XP
 B = Vault XP
 C = Vault XP percentage of total XP
 D = Non-vault monster count
 E = Vault monster count
 F = Vault count percentage of total count
                 A         B        C        D         E       F
            +---------+---------+-------+---------+---------+-------
      Total |    5878 |    3671 |  38.4 |     217 |      28 |  11.4
            +---------+---------+-------+---------+---------+-------
        D:1 |      29 |       0 |   0.0 |      17 |       0 |   0.0
        D:2 |      82 |       8 |   8.9 |      29 |       5 |  14.7
        D:3 |     125 |     253 |  66.9 |      23 |      13 |  36.1
        D:4 |     277 |       2 |   0.7 |      18 |       1 |   5.3
        D:5 |     324 |       0 |   0.0 |      11 |       0 |   0.0
        D:6 |    1031 |     641 |  38.3 |      31 |       1 |   3.1
        D:7 |    1589 |     940 |  37.2 |      40 |       5 |  11.1
        D:8 |     668 |       0 |   0.0 |      14 |       0 |   0.0
        D:9 |    1753 |    1690 |  49.1 |      34 |       2 |   5.6
       D:10 |       0 |     137 | 100.0 |       0 |       1 | 100.0
            +---------+---------+-------+---------+---------+-------
